 Dungeon Crawl Stone Soup version 0.25.0-10-g039870ee82 (webtiles) character file.

Game seed: 16900682113692762698

338 dengdeng the Chopper (level 6, 0/84 HPs)
             Began as a Minotaur Berserker on June 22, 2020.
             Was a Priest of Trog.
             Slain by an unseen horror (11 damage)
             ... on level 5 of the Dungeon.
             The game lasted 00:11:12 (3614 turns).

dengdeng the Chopper (Minotaur Berserker)           Turns: 3614, Time: 00:11:13

Health: 0/84       AC:  4    Str: 22    XL:     6   Next: 29%
Magic:  5/5        EV: 12    Int:  4    God:    Trog [***...]
Gold:   242        SH:  0    Dex: 11    Spells: 5/5 levels left

rFire    + . .     SeeInvis .   a - +0 hand axe
rCold    . . .     Gourm    .   (no shield)
rNeg     . . .     Faith    .   g - +0 leather armour
rPois    .         Spirit   .   (helmet restricted)
rElec    .         Reflect  .   (no cloak)
rCorr    +         Harm     .   (no gloves)
MR       .....                  v - +0 pair of boots
Stlth    ..........             l - amulet of regeneration
HPRegen  0.64/turn              f - ring of protection from fire
MPRegen  0.09/turn              w - ring of resist corrosion

@: berserking, very quick
A: retaliatory headbutt, horns 2
a: Berserk, Trog's Hand, Renounce Religion


You were on level 5 of the Dungeon.
You worshipped Trog.
Trog was most pleased with you.
You were very hungry.

You visited 1 branch of the dungeon, and saw 5 of its levels.

You collected 242 gold pieces.

Inventory:

Hand Weapons
 a - a +0 hand axe (weapon)
Missiles
 i - 105 stones (quivered)
 D - 8 boomerangs
Armour
 g - a +0 leather armour (worn)
 v - a +0 pair of boots (worn)
Jewellery
 f - a ring of protection from fire (left hand)
 l - an amulet of regeneration (around neck)
 w - a ring of resist corrosion (right hand)
 x - an uncursed ring of resist corrosion
Wands
 y - a wand of disintegration (12)
Scrolls
 b - 2 scrolls of enchant armour {unknown}
 d - 4 scrolls of identify {unknown}
 j - a scroll of amnesia {unknown}
 m - a scroll of fog {unknown}
 o - 3 scrolls of fear {unknown}
 p - 3 scrolls of enchant weapon {unknown}
 q - 2 scrolls of blinking {unknown}
 r - 4 scrolls of remove curse {unknown}
Potions
 e - a potion of heal wounds {unknown}
 h - 3 potions of flight {unknown}
 k - a potion of resistance {unknown}
 n - 2 potions of might {unknown}
 s - a potion of stabbing {unknown}
 t - a potion of brilliance {unknown}
 u - 3 potions of invisibility {unknown}
 A - a potion of curing {unknown}
 B - a potion of mutation {unknown}
 C - a potion of degeneration {unknown}
Comestibles
 c - 12 rations
 z - a chunk of flesh


   Skills:
 + Level 5.0 Fighting
 + Level 5.8 Axes
 + Level 2.0 Throwing
 * Level 4.0 Armour
 + Level 3.1 Dodging
 + Level 0.5 Stealth


You had 5 spell levels left.
You didn't know any spells.
Your spell library was empty.

Dungeon Overview and Level Annotations

Branches:
Dungeon (5/15)
 Temple: D:4-7

Altars:
Okawaru
Vehumet


Innate Abilities, Weirdness & Mutations

You reflexively headbutt those who attack you in melee.
You have a pair of horns on your head.


Message History

Something hits you. Something hits you. The leopard gecko bites you.
Something hits you! The leopard gecko bites you. Something hits you.
The leopard gecko misses you. Something hits you but does no damage.
Something hits you!
* * * LOW HITPOINT WARNING * * *
You closely miss something. Your headbutt misses something.
Something hits you but does no damage.
Throwing (i - inventory. (/) - cycle)
i - 106 stones (quivered)
Press: ? - help, Shift-Dir - straight line You throw a stone.
Something hits you.
* * * LOW HITPOINT WARNING * * *
Something completely misses you.
You closely miss something. Your headbutt misses something. Something hits you!
* * * LOW HITPOINT WARNING * * *
A red film seems to cover your vision as you go berserk!
You feel yourself moving faster!
You feel mighty!
You are feeling very hungry.
Something hits you!
You die...

##### {..# ...#
#(.### # #.... #.
..l# #.# #..#
#..#############..#
#.......@.l......#
###.....##.......#
#..####≈≈≈≈≈...#
#..####≈###≈.(.#
#......≈# +....#
#.#####≈###≈.###
#.# #≈≈≈≈≈...# #.#
#..##..#.# #######
#.#####..#......


You could see a leopard gecko.

Vanquished Creatures
  A hound (D:5)
  A jelly (D:5)
  Natasha (thrice) (D:4)
  An iguana (D:4)
  A worker ant (D:4)
  7 adders
  4 worms
  5 dart slugs
  A leopard gecko (D:3)
  3 orcs (D:3)
  2 giant cockroaches
  5 goblins
  10 hobgoblins
  7 jackals
  2 ball pythons (D:1)
  4 bats (D:1)
  4 frilled lizards (D:1)
  A jackal skeleton (D:4)
  8 kobolds
  11 rats
81 creatures vanquished.

Notes
Turn   | Place    | Note
-------+----------+-------------------------------------------
     0 | D:1      | dengdeng the Minotaur Berserker began the quest for the
                  | Orb.
     0 | D:1      | Reached XP level 1. HP: 19/19 MP: 0/0
   211 | D:1      | Reached XP level 2. HP: 25/27 MP: 1/1
   423 | D:1      | Reached XP level 3. HP: 27/33 MP: 2/2
   428 | D:1      | Reached ** piety under Trog
   799 | D:1      | You fall into a shaft and drop 1 floor!
   964 | D:2      | Reached XP level 4. HP: 41/41 MP: 3/3
  2023 | D:3      | Reached skill level 1 in Throwing
  2266 | D:3      | Found an iron altar of Okawaru.
  2605 | D:3      | Found a radiant altar of Vehumet.
  2884 | D:4      | Reached skill level 5 in Axes
  2884 | D:4      | Reached XP level 5. HP: 45/47 MP: 4/4
  3121 | D:4      | Reached *** piety under Trog
  3273 | D:4      | Noticed Natasha
  3278 | D:4      | Killed Natasha
  3352 | D:4      | Noticed Natasha
  3356 | D:4      | Killed Natasha
  3427 | D:4      | Noticed Natasha
  3431 | D:4      | Killed Natasha
  3431 | D:4      | Reached skill level 5 in Fighting
  3431 | D:4      | Reached XP level 6. HP: 56/56 MP: 5/5
  3504 | D:5      | Entered Level 5 of the Dungeon
  3614 | D:5      | Slain by an unseen horror

Illustrated notes

Levels and vault maps discovered:
D:1:      dpeg_cavernosity, layout_rooms, minmay_tetromino_o4
D:2:      layout_loops_ring
D:3:      layout_basic, overflow_temple_1_default, okawaru_gym_becter,
          first_ration
D:4:      cheibrodos_quashed, layout_loops_ring, uniq_natasha
D:5:      layout_loops_cross, kennysheep_mini_moat, fedhas_altar_4,
          lightli_temple_of_fire, gammafunk_temple_overflow_claw,
          minmay_manual_maat, uniq_duvessa

Skill      XL: |  1  2  3  4  5  6 |
---------------+-------------------+-----
Fighting       | 4 5 |  5.0
Axes           | 4 5 |  5.8
Armour         | 3 4 |  4.0
Throwing       | 1 2 |  2.0
Dodging        | 3 |  3.1
Stealth        | |  0.5

Action                   |  1- 3 |  4- 6 || total
-------------------------+-------+-------++-------
Melee: Hand axe          |    94 |    96 ||   190
       Headbutt          |    13 |    23 ||    36
Throw: Stone             |    28 |    48 ||    76
Invok: Berserk           |       |     1 ||     1
  Eat: Chunk             |       |     5 ||     5
       Ration            |       |     1 ||     1
Armor: Leather armour    |    21 |    17 ||    38
       Animal skin       |     1 |       ||     1
Dodge: Dodged            |    73 |    51 ||   124
